 Dungeon Crawl Stone Soup version 0.20.0-8-g6b59dc7 (webtiles) character file.

71 Rrauwl the Ducker (level 4, -1/40 HPs)
             Began as a Minotaur Wanderer on May 31, 2017.
             Slain by Sigmund
             ... wielding a +0 scythe
              (11 damage)
             ... on level 2 of the Dungeon.
             The game lasted 00:03:55 (1293 turns).

Rrauwl the Ducker (Minotaur Wanderer)               Turns: 1293, Time: 00:03:55

Health: -1/40      AC:  5    Str: 17    XL:     4   Next: 5%
Magic:  3/3        EV: 13    Int:  9    God:
Gold:   57         SH:  0    Dex: 10    Spells: 3/3 levels left

rFire    . . .     SeeInvis .   a - +0 whip (elec)
rCold    + . .     Gourm    .   (no shield)
rNeg     . . .     Faith    .   k - +2 leather armour {rC+}
rPois    .         Spirit   .   (helmet restricted)
rElec    .         Reflect  .   (no cloak)
rCorr    .         Harm     .   (no gloves)
MR       .....                  (no boots)
Stlth    +.........             (no amulet)
Regen    0.2/turn               (no ring)
MPRegen  0.1/turn               (no ring)

@: no status effects
A: retaliatory headbutt, horns 2
a: no special abilities


You were on level 2 of the Dungeon.
You were not hungry.

You visited 1 branch of the dungeon, and saw 2 of its levels.

You collected 57 gold pieces.

Inventory:

Hand Weapons
 a - a +0 whip of electrocution (weapon)
Armour
 k - a +2 leather armour of cold resistance (worn)
Scrolls
 c - 2 scrolls of teleportation
Potions
 d - a potion of curing
 f - a potion of heal wounds
Comestibles
 g - 2 bread rations
 h - a royal jelly
 i - a fruit
 j - 4 chunks of flesh


   Skills:
 + Level 3.9 Fighting
 + Level 1.7 Maces & Flails
 + Level 0.0 Armour
 - Level 5.0 Dodging
 - Level 1.0 Stealth
 - Level 2.1 Unarmed Combat
   Level 1.0 Evocations


You had 3 spell levels left.
You didn't know any spells.

Dungeon Overview and Level Annotations

Branches:
Dungeon (2/15)

Altars:

Annotations:
D:2 Sigmund


Innate Abilities, Weirdness & Mutations

You reflexively headbutt those who attack you in melee.
You have a pair of horns on your head.


Message History

You closely miss the quokka. The quokka closely misses you.
You furiously retaliate!
You headbutt the quokka.
You hear some strange, mumbled words.
A puff of flame appears from out of thin air!
The puff of flame hits you!
You hit the quokka but do no damage. Lightning courses through the quokka!
You kill the quokka!
Something hits you! The frilled lizard closely misses you.
You hit the frilled lizard but do no damage.
Lightning courses through the frilled lizard!
You kill the frilled lizard!
Something hits you but does no damage.
You hit something but do no damage.
You hear some strange, mumbled words.
A magic dart appears from out of thin air!
The magic dart hits you!
* * * LOW HITPOINT WARNING * * *
You miss something. Something hits you but does no damage.
You closely miss something. Your headbutt misses something. Something hits you!
You die...

...................... #...
#................ #...
#.......÷.<...... #...
#.##.###.........
####...##.##..##.........
.......+.................
####..†##.###.#####.#...#
......†...# #.# #.#...#
........@.# #.## #.#####
...).....{# #..# #.# #
########### ##.# #.# ## #.## #.#
#. ############..###+#####
#...........#.........#
#...........#..........
#...........#..........
###############.......##+##.###..


There were no monsters in sight!

Vanquished Creatures
  2 adders (D:2)
  An ooze (D:1)
  A worm (D:2)
  A dart slug (D:1)
  A leopard gecko (D:1)
  5 bats
  A giant cockroach (D:1)
  9 goblins
  4 hobgoblins
  2 jackals (D:2)
  A quokka (D:2)
  A ball python (D:2)
  4 frilled lizards
  3 kobolds (D:1)
  6 rats
42 creatures vanquished.

Notes
Turn   | Place    | Note
-------+----------+-------------------------------------------
     0 | D:1      | Rrauwl the Minotaur Wanderer began the quest for the Orb.
     0 | D:1      | Rrauwl set off with: a potion of heal wounds, a scroll of fear, a scroll of teleportation, a potion of curing, a +0 robe, a +0 club, a bread ration
     0 | D:1      | Reached XP level 1. HP: 18/18 MP: 0/0
    54 | D:1      | Reached XP level 2. HP: 25/25 MP: 1/1
   149 | D:1      | Reached skill level 1 in Maces & Flails
   391 | D:1      | Reached XP level 3. HP: 14/31 MP: 2/2
   775 | D:2      | Reached skill level 5 in Dodging
  1218 | D:2      | Reached XP level 4. HP: 26/40 MP: 3/3
  1282 | D:2      | Noticed Sigmund
  1293 | D:2      | Slain by Sigmund

Skill      XL: |  1  2  3 |
---------------+----------+-----
Maces & Flails | 1 |  1.7
Fighting       | 3 |  3.9
Dodging        | 5 |  5.0
Stealth        | |  1.0
Unarmed Combat | |  2.1
Evocations     | |  1.0

Action                   |  1- 3 |  4- 6 || total
-------------------------+-------+-------++-------
Melee: Whip              |    94 |     7 ||   101
       Unarmed           |     2 |       ||     2
       Headbutt          |     8 |       ||     8
       Punch             |     1 |       ||     1
  Use: Scroll            |       |     1 ||     1
 Stab: Sleeping          |     2 |       ||     2
  Eat: Chunk             |     1 |       ||     1
Armor: Robe              |    21 |       ||    21
       Leather armour    |       |     3 ||     3
Dodge: Dodged            |    71 |     3 ||    74
